 Dungeon Crawl Stone Soup version 0.28-a0-1429-gf3d713df7a (webtiles) character file.

Game seed: 13152348242314703623

224 Hasart the Slasher (level 6, 0/43 HPs)
             Began as an Octopode Fighter on Jan 8, 2022.
             Killed by divine providence
             ... invoked by an orc priest
              (11 damage)
             ... on level 5 of the Dungeon.
             The game lasted 00:05:10 (2575 turns).

Hasart the Slasher (Octopode Fighter)               Turns: 2575, Time: 00:05:11

Health: 0/43       AC:  1    Str: 18    XL:     6   Next: 0%
Magic:  6/6        EV: 13    Int: 10    God:
Gold:   92         SH:  4    Dex: 11    Spells: 5/5 levels left

rFire   . . .      SeeInvis .   a - +0 long sword
rCold   . . .      Faith    .   b - +0 buckler
rNeg    . . .      Spirit   .   (helmet restricted)
rPois   .          Reflect  .   (no amulet)
rElec   .          Harm     .   (no ring)
rCorr   .          Rampage  .   (no ring)
Will    .....                   (no ring)
Stlth   ++........              (no ring)
HPRegen 0.14/turn               (no ring)
MPRegen 0.10/turn               (no ring)
                                (no ring)
                                (no ring)

@: lethally poisoned (0 -> -4)
A: almost no armour, amphibious, 8 rings, camouflage 1, gelatinous body 1,
(nimble swimmer 1), tentacles
a: no special abilities


You were on level 5 of the Dungeon.
You visited 1 branch of the dungeon, and saw 4 of its levels.

You collected 92 gold pieces.

Inventory:

Hand Weapons
 a - a +0 long sword (weapon)
Armour
 b - a +0 buckler (worn)
Scrolls
 d - 2 scrolls of enchant armour {unknown}
 e - a scroll of teleportation {unknown}
 f - a scroll of identify {unknown}
 i - a scroll of magic mapping {unknown}
 j - a scroll of brand weapon {unknown}
Potions
 g - a potion of berserk rage {unknown}
 h - 2 potions of curing {unknown}


   Skills:
 + Level 3.9 Fighting
 * Level 4.1 Long Blades
 + Level 3.9 Dodging
 + Level 3.9 Shields


You had 5 spell levels left.
You didn't know any spells.
Your spell library was empty.

Dungeon Overview and Level Annotations

Branches:
Dungeon (3/15)

Altars:


Innate Abilities, Weirdness & Mutations

You cannot wear most types of armour.
You are amphibious.
You can wear up to eight rings at the same time.
Your skin changes colour to match your surroundings (Stealth+).
Your rubbery body absorbs attacks. (AC +1, EV +1)
((You are camouflaged when in or above water. (Stealth+)))
You have tentacles for arms and can constrict up to eight enemies at once.


Message History

You kill the adder!
You feel sick.
You feel sick.
You are no longer poisoned.
You feel a little less mighty now.
HP restored.
You open the door. 2 orcs and an orc priest come into view.
An orc is wielding a +3 trident of venom.
Found 8 gold pieces.
The orc shouts!
An orc comes into view. It is wielding a +0 short sword.
The orc priest shouts!
You hit the orc but do no damage. You grab the orc. You squeeze the orc.
The orc is heavily wounded.
You constrict the orc.
The orc escapes!
You barely miss the orc. You grab the orc.
Your tentacle-slap misses the orc.
You squeeze the orc.
You kill the orc!
You closely miss the orc. You grab the orc. You constrict the orc.
The orc hits you with a +3 trident of venom!
You are poisoned.
You slash the orc!
You kill the orc!
You feel very sick.
You hit the orc but do no damage. You grab the orc. You constrict the orc.
You feel very sick. The orc hits you with a +0 short sword.
You hit the orc but do no damage.
The orc is heavily wounded.
You constrict the orc.
You feel sick.
The orc struggles to escape constriction.
You hit the orc.
You kill the orc!
You feel sick.
You have reached level 6!
You feel sick.
The orc priest calls down the wrath of Beogh upon you.
Beogh smites you!
You die...

#.....#............
#)....#............
#.....#............
#.....#..########+#
#.....##+# ..##....
######.....# .
........
#......#####$..
........
#......#.......
........
#.....)@.o.....
........
#......#.......
........
#......#..###.#
#.###...
#....###+## # ####
#....# #....#
#....# #....+


You could see an orc priest.

Vanquished Creatures
  A black bear (D:5)
  A hound skeleton (D:5)
  4 gnolls
  2 adders
  A dart slug (D:1)
  3 orcs (D:5)
  6 endoplasms
  2 giant cockroaches (D:1)
  5 goblins
  3 hobgoblins
  3 jackals (D:2)
  3 kobolds
  4 quokkas
  4 ball pythons
  5 bats
  2 frilled lizards (D:1)
  8 rats
57 creatures vanquished.

Vanquished Creatures (others)
  2 plants (D:1)
2 creatures vanquished.

Grand Total: 59 creatures vanquished

Notes
Turn   | Place    | Note
-------+----------+-------------------------------------------
     0 | D:1      | Hasart the Octopode Fighter began the quest for the Orb.
     0 | D:1      | Reached XP level 1. HP: 16/16 MP: 1/1
   306 | D:1      | Reached XP level 2. HP: 20/21 MP: 2/2
   625 | D:1      | Found a faded altar of an unknown god.
   819 | D:1      | Reached XP level 3. HP: 26/26 MP: 3/3
  1366 | D:2      | Reached skill level 3 in Long Blades
  1456 | D:2      | Reached XP level 4. HP: 19/31 MP: 4/4
  2434 | D:3      | You fall into a shaft and drop 2 floors!
  2434 | D:5      | Entered Level 5 of the Dungeon
  2467 | D:5      | Noticed a black bear
  2468 | D:5      | Reached XP level 5. HP: 36/36 MP: 5/5
  2471 | D:5      | Killed a black bear
  2472 | D:5      | Reached skill level 4 in Long Blades
  2575 | D:5      | Reached XP level 6. HP: 12/43 MP: 6/6
  2575 | D:5      | Killed from afar by an orc priest

Illustrated notes

Levels and vault maps discovered:
D:1:      dpeg_arrival_more_subterranean_lakeside_camping, layout_loops_corners,
          shapermc_ecumenical_altar_mp_urbaneastern, hangedman_feature_mirror,
          st_stairs_13, minmay_indecisive_spiral
D:2:      layout_rooms
D:3:      layout_loops_corners, mainiacjoe_overflow_six_doors_small
D:5:      layout_gridville, uniq_menkaure, uniq_blork_the_orc

Skill      XL: |  1  2  3  4  5 |
---------------+----------------+-----
Long Blades    | 3 4 |  4.1
Fighting       | |  3.9
Dodging        | |  3.9
Shields        | |  3.9

Action                   |  1- 3 |  4- 6 || total
-------------------------+-------+-------++-------
Melee: Long sword        |    58 |    42 ||   100
       Constrict         |    11 |    12 ||    23
       Tentacles         |     8 |     6 ||    14
  Use: Potion            |       |     1 ||     1
 Stab: Sleeping          |    13 |     3 ||    16
Armor: Skin              |     3 |     1 ||     4
Dodge: Dodged            |    26 |    21 ||    47
Block: Buckler           |    17 |     5 ||    22

Table legend: (Time is in decaauts)
 A = Elapsed time spent in this place.
 B = Non-inter-level travel time spent in this place.
 C = Inter-level travel time spent in this place.
 D = Time resting spent in this place.
 E = Time spent auto-exploring this place.
 F = Levels seen in this place.
 G = Mean time per level.
                   A        B        C        D        E       F      G
               +--------+--------+--------+--------+--------+-----+--------+
         Total |   2607 |   2570 |     37 |    595 |   1538 |   4 |  651.8 |
       Dungeon |   2607 |   2570 |     37 |    595 |   1538 |   4 |  651.8 |
               +--------+--------+--------+--------+--------+-----+--------+

Top non-repeatable levels by time:
     D:1: 1713 daAuts
     D:2: 728 daAuts
     D:5: 144 daAuts
     D:3: 21 daAuts
